Unix NetHack Version 5.0.0-0 post-release - last build May  4 2026 22:22:43 (774f63e81ad911689b3a0859ea89b322d5daca8d,branch:main).

Game began 2026-05-10 19:16:31, ended 2026-05-10 20:17:22.

Brudee, lawful female human Archeologist

              ---
              ..
             ..--
             ...--
     --------....--    |
   ---..--.|..^.h.|  ..|
   |.....)@dGG.........--
   |.<....)s............|
   ---/---...---- .--  --
     --- --..|    --
          ----
Brudee the Investigator    St:13 Dx:10 Co:25 In:16 Wi:14 Ch:12  Lawful S:2899
Dlvl:8  $:121 HP:0(40) Pw:35(35) AC:3  Xp:6/602 T:2909 

Latest messages:
 You hit the gnome king!
 You hear some noises in the distance.
 The gnome king hits!
 You kill the gnome king!
 You see here a gnome king corpse.
 The gnome wields a thonged club!
 The gnome secures the tether on the thonged club.
 You have a little trouble lifting a gnome king corpse.  Continue? [ynq] (q) q
 The gnome lord wields a bow!
 The gnome throws a dart!
 A dart misses you.
 MonsterMuncher eats a gnome king corpse.
 You kill the gnome!
 The gnome lord is almost hit by a dart!
 The gnome lord picks up a dart.
 You kill the gnome!
 The gnome picks up a brown potion.
 You kill the gnome!
 The gnome lord shoots 2 arrows!
 You are almost hit by the 1st arrow.
 The 2nd arrow misses you.
 E - a brown potion.
 The dwarf wields a pick-axe!
 You hit the dwarf!
 The dwarf swings his pick-axe.
 The dwarf hits!
 You miss the dwarf.
 MonsterMuncher picks up a dart.
 You hit the dwarf!
 MonsterMuncher drops a dart.
 You kill the dwarf!
 MonsterMuncher eats a gnome corpse.
 You hit the giant spider!
 The giant spider bites!
 You miss the giant spider.
 The giant spider bites!
 The giant spider bites!
 You miss the giant spider.
 The gnome lord shoots 2 arrows!
 You are hit by the 1st arrow.
 You are hit by the 2nd arrow.
 The giant spider bites!
 The gnome lord shoots an arrow!
 The arrow misses the giant spider.
 The arrow hits MonsterMuncher.
 The gnome lord picks up a hooded cloak.
 The giant spider bites!
 You die...
 Do you want your possessions identified? [ynq] (y) y
 Do you want to see your attributes? [ynq] (y) q

Inventory:
 Coins    ('$')
  $ - 121 gold pieces
 Weapons  (')')
  X - a blessed +0 crossbow bolt
  B - 2 +1 crossbow bolts
  H - 2 +0 darts
  l - 6 +0 shuriken
  v - a corroded +1 orcish dagger
  a - a +2 bullwhip
  O - a +0 long sword
  W - the rustproof +4 Ogresmasher (weapon in right hand)
 Armor    ('[')
  c - a blessed +0 fedora
  k - a cursed very rusty -2 helm of opposite alignment
  w - an uncursed +0 orcish helm (being worn)
  D - an uncursed +0 pair of iron shoes
  J - an uncursed burnt +0 pair of jumping boots (being worn)
  F - an uncursed +0 leather jacket (being worn)
 Comestibles  ('%')
  d - 3 uncursed food rations
  Q - an uncursed melon
  P - an uncursed sprig of wolfsbane
  C - an uncursed homemade tin of iguana meat
 Scrolls  ('?')
  N - an uncursed scroll of identify
  M - an uncursed scroll of light
 Potions  ('!')
  E - a cursed potion of invisibility
 Rings    ('=')
  m - a cursed -1 ring of adornment
  u - an uncursed ring of free action
  r - an uncursed ring of searching
  n - a cursed ring of teleportation
 Tools    ('(')
  h - an empty uncursed sack
  o - an empty uncursed sack
  b - an uncursed blindfold
  K - an uncursed leash
  s - a magic marker (0:73)
  i - an uncursed oil lamp
  e - a +0 pick-axe
  f - a tinning kit (0:79)
 Gems/Stones  ('*')
  q - an uncursed jade stone
  A - an uncursed worthless piece of yellowish brown glass
  g - an uncursed touchstone

Brudee the Archeologist's attributes:

Background:
 You were an Investigator, a level 6 female human Archeologist.
 You were lawful, on a mission for Quetzalcoatl
 who was opposed by Camaxtli (neutral) and Huhetotl (chaotic).
 You were right-handed.
 You were in the Gnomish Mines, on level 8.
 You entered the dungeon 2909 turns ago.
 You had 602 experience points, 38 more were needed to attain level 7.
 Your score was 2899 before end-of-game adjustments.

Basics:
 You had 0 out of 40 hit points.
 You had all 35 energy points (spell power).
 Your armor class was 3.
 Your wallet contained 121 zorkmids.
 Autopickup was on for '!+?"/=$' plus thrown.

Final Characteristics:
 Your strength was 13 (limit:18/100).
 Your dexterity was 10 (limit:18).
 Your constitution was 25 (base:12, innate limit:18).
 Your intelligence was 16 (limit:18).
 Your wisdom was 14 (limit:18).
 Your charisma was 12 (limit:18).

Final Status:
 You weren't hungry.
 You were unencumbered.
 You were wielding a hammer.
 You had basic skill with hammer.

Final Attributes:
 You were piously aligned.
 You were telepathic.
 You had automatic searching.
 You were stealthy.
 You could jump.
 You had a small defense bonus (+5).
 You were warded.
 You are dead.

Miscellaneous:
 You didn't encounter any bones levels.
 Total elapsed playing time was 1 hour and 46 seconds.

Major events:
 Turn
    1: Brudee the lawful female human Archeologist entered the dungeon
 1367: entered the Gnomish Mines
 1414: attained the rank of Field Worker (level 3)
 1729: reached Mine Town
 2008: was bestowed with Ogresmasher by Quetzalcoatl
 2449: attained the rank of Investigator (level 6)
 2909: killed by a giant spider

You didn't know any spells.

Skills:
 Fighting Skills
   bare handed combat [Unskilled]
   two weapon combat  [Unskilled]
   riding             [Unskilled]
 Weapon Skills
   dagger             [Unskilled]
   knife              [Unskilled]
   pick-axe           [Basic]
   short sword        [Unskilled]
   saber              [Unskilled]
   club               [Unskilled]
   hammer             [Basic]
   quarterstaff       [Unskilled]
   sling              [Unskilled]
   dart               [Unskilled]
   boomerang          [Unskilled]
   whip               [Basic]
   unicorn horn       [Unskilled]
 Spellcasting Skills
   attack spells      [Unskilled]
   healing spells     [Unskilled]
   divination spells  [Unskilled]
   matter spells      [Unskilled]

Voluntary challenges:
 Character rerolling was not enabled.
 You never genocided any monsters.
 You never polymorphed an object.
 You never changed form.
 You used no wishes.
Achievements:
 You entered a shop.
 You entered the Gnomish Mines.
 You attained the rank of Field Worker.
 You entered Minetown.
 You entered a temple.
 You attained the rank of Investigator.

 The Dungeons of Doom: levels 1 to 2
    Level 1:
       Some fountains.
    Level 2:
       A general store.
       Stairs down to The Gnomish Mines.
 The Gnomish Mines: levels 3 to 8
    Level 3:
    Level 4:
    Level 5:
    Level 6:
       Many shops, a temple and an altar to Quetzalcoatl, some fountains.
    Level 7:
    Level 8: <- You were here.
       Final resting place for
          you, killed by a giant spider.


Vanquished creatures:
  a gnome ruler
  a dingo
  a blue jelly
  a human zombie
  6 Mordor orcs
  3 gnome leaders
  4 gnomish wizards
 an elf zombie
  a giant ant
  4 dwarves
  a kobold leader
  a hobbit
  a hobgoblin
 31 gnomes
  a gecko
  3 jackals
  a fox
  a goblin
  a sewer rat
  a grid bug
  5 bats
  3 lichens
  4 kobold zombies
77 creatures vanquished.

No species were genocided or became extinct.

Game over:
                       ----------
                      /          \
                     /    REST    \
                    /      IN      \
                   /     PEACE      \
                  /                  \
                  |      Brudee      |
                  |      121 Au      |
                  |   killed by a    |
                  |   giant spider   |
                  |                  |
                  |                  |
                  |       2026       |
                 *|     *  *  *      | *
        _________)/\\_//(\/(/\)/\//\/|_)_______

Goodbye Brudee the Archeologist...

You died in The Gnomish Mines on dungeon level 8 with 2887 points,
and 121 pieces of gold, after 2909 moves.
You were level 6 with a maximum of 40 hit points when you died.

